 Dungeon Crawl Stone Soup version 0.21.1-1-g345015fe64 (webtiles) character file.

209 Mrkan the Ruffian (level 5, 0/50 HPs)
             Began as a Troll Monk on May 9, 2018.
             Slain by an orc
             ... wielding a +0 mace
              (5 damage)
             ... on level 3 of the Dungeon.
             The game lasted 00:04:47 (2171 turns).

Mrkan the Ruffian (Troll Monk)                      Turns: 2171, Time: 00:04:47

Health: 0/50       AC:  5    Str: 19    XL:     5   Next: 55%
Magic:  4/4        EV: 10    Int:  6    God:
Gold:   92         SH:  0    Dex: 13    Spells: 4/4 levels left

rFire    . . .     SeeInvis .     - Unarmed
rCold    . . .     Gourm    +   (no shield)
rNeg     . . .     Faith    .   a - +0 robe
rPois    .         Spirit   .   (helmet restricted)
rElec    .         Reflect  .   (no cloak)
rCorr    .         Harm     .   (gloves unavailable)
MR       .....                  (boots unavailable)
Stlth    ++........             (no amulet)
HPRegen  0.56/turn              (no ring)
MPRegen  0.09/turn              (no ring)

@: no status effects
A: large, unfitting armour, claws 3, fast metabolism 3, gourmand, regeneration
1, shaggy fur 1, tough skin 2
a: no special abilities


You were on level 3 of the Dungeon.
You were very full.

You visited 1 branch of the dungeon, and saw 3 of its levels.

You collected 92 gold pieces.

Inventory:

Armour
 a - a +0 robe (worn)
Scrolls
 d - 2 scrolls of remove curse {unknown}
 h - 2 scrolls of identify {unknown}
 n - a scroll of amnesia {unknown}
 p - a scroll of fear {unknown}
Potions
 c - 2 potions of heal wounds {unknown}
 e - 5 potions of curing {unknown}
 f - 2 potions of agility {unknown}
 g - 3 potions of lignification {unknown}
 j - a potion of mutation {unknown}
 k - a potion of cancellation {unknown}
 l - a potion of might {unknown}
 o - a potion of brilliance {unknown}
Books
 m - Jessica's Grimoire of the Compass
   (You found it on level 2 of the Dungeon)

   Spells                             Type                      Level
   a - Blink                          Translocation                2
Comestibles
 b - 9 rations


   Skills:
 - Level 2.4 Fighting
 - Level 2.4 Dodging
 - Level 1.0 Stealth
 * Level 6.3 Unarmed Combat


You had 4 spell levels left.
You didn't know any spells.

Dungeon Overview and Level Annotations

Branches:
Dungeon (3/15)

Altars:
Okawaru
Trog


Innate Abilities, Weirdness & Mutations

You are too large for most types of armour.
You have claws for hands.
Your metabolism is lightning-fast.
You like to eat raw meat.
Your natural rate of healing is unusually fast.
You are covered in fur. (AC +1)
You have very tough skin. (AC +2)


Message History

You kill the adder!
You feel sick. The kobold misses you.
You see here an adder corpse.
You feel sick. The kobold barely misses you.
You feel sick.
The orc priest begins to cast a cantrip, but forgets the words!
The kobold closely misses you.
You feel sick. The orc hits you with a mace.
* * * LOW HITPOINT WARNING * * *
The orc hits you but does no damage. The kobold closely misses you.
You feel sick.
You are no longer poisoned.
The kobold hits you but does no damage.
The orc priest invokes the aid of Beogh against you.
Beogh smites you!
* * * LOW HITPOINT WARNING * * *
The orc hits you with a mace.
You die...

#o.# #.........# ##.:....... #.##
#.....####............. #o#
#.....##...##......#... #†#
###^.......# #...........
#####.###.o.....#####............
......o...#oo...# #............
........###..o..# #....?.....%.
........# #...oo#####...
........# #....K@.......
........# ###########...
........# ........# ........#
........# #########


You could see an orc priest, an orc wizard, 4 orcs and a kobold.

Vanquished Creatures
  A scorpion (D:2)
  Jessica (D:2)
  4 adders
  An ooze (D:2)
  5 worms (D:2)
  3 dart slugs
  2 leopard geckos
  An orc (D:3)
  8 bats
  6 giant cockroaches
  6 goblins
  3 hobgoblins
  5 jackals
  3 quokkas (D:2)
  A ball python (D:3)
  4 frilled lizards (D:1)
  5 kobolds
  9 rats
68 creatures vanquished.

Notes
Turn   | Place    | Note
-------+----------+-------------------------------------------
     0 | D:1      | Mrkan the Troll Monk began the quest for the Orb.
     0 | D:1      | Reached XP level 1. HP: 22/22 MP: 0/0
   242 | D:1      | Reached XP level 2. HP: 24/29 MP: 1/1
   527 | D:1      | Found an iron altar of Okawaru.
   547 | D:1      | Reached skill level 4 in Unarmed Combat
   690 | D:1      | Reached XP level 3. HP: 36/36 MP: 2/2
  1030 | D:2      | Found a faded altar of an unknown god.
  1080 | D:2      | Reached XP level 4. HP: 36/44 MP: 3/3
  1133 | D:2      | Reached skill level 5 in Unarmed Combat
  1349 | D:2      | Noticed a moth of wrath
  1352 | D:2      | Found a bloodstained altar of Trog.
  1362 | D:2      | Reached XP level 5. HP: 50/50 MP: 4/4
  1628 | D:2      | Noticed Jessica
  1631 | D:2      | Killed Jessica
  1631 | D:2      | Reached skill level 6 in Unarmed Combat
  1639 | D:2      | Identified Jessica's Grimoire of the Compass
  2171 | D:3      | Slain by an orc

Skill      XL: |  1  2  3  4  5 |
---------------+----------------+-----
Unarmed Combat | 4 5 6 |  6.3
Fighting       | |  2.4
Dodging        | |  2.4
Stealth        | |  1.0

Action                   |  1- 3 |  4- 6 || total
-------------------------+-------+-------++-------
Melee: Unarmed           |    82 |    91 ||   173
       Punch             |     1 |       ||     1
 Stab: Sleeping          |     2 |     2 ||     4
  Eat: Chunk             |    15 |     9 ||    24
Armor: Robe              |    27 |    60 ||    87
Dodge: Dodged            |    38 |    79 ||   117
